 Dungeon Crawl Stone Soup version 0.22-a0-812-g4c1e2d5471 (console) character file.

189 Lexodia the Gusty (level 5, -7/24 HPs)
             Began as a Vine Stalker Air Elementalist on July 23, 2018.
             Killed from afar by an orc wizard (8 damage)
             ... with a magic dart
             ... on level 3 of the Dungeon.
             The game lasted 00:09:44 (2817 turns).

Lexodia the Gusty (Vine Stalker Air Elementalist)   Turns: 2817, Time: 00:09:44

Health: -7/24      AC:  7    Str: 11    XL:     5   Next: 68%
Magic:  0/10       EV: 12    Int: 16    God:
Gold:   108        SH:  0    Dex: 14    Spells: 4/10 levels left

rFire    . . .     SeeInvis .   j - +2 dagger (venom)
rCold    . . .     Gourm    .   (no shield)
rNeg     . . .     Faith    .   a - +0 robe
rPois    .         Spirit   +   b - +0 helmet
rElec    .         Reflect  .   e - +0 cloak
rCorr    .         Harm     .   k - +2 pair of gloves
MR       .....                  (no boots)
Stlth    ++........             (no amulet)
HPRegen  0.48/turn              (no ring)
MPRegen  0.12/turn              (no ring)

@: slowed, very slow
A: fangs 2, regeneration 1, magic shield, antimagic bite, no potion heal 3, rot
immunity
a: no special abilities


You were on level 3 of the Dungeon.
You were not hungry.

You visited 1 branch of the dungeon, and saw 4 of its levels.

You collected 108 gold pieces.

Inventory:

Hand Weapons
 i - a +3 short sword
 j - a +2 dagger of venom (weapon)
Armour
 a - a +0 robe (worn)
 b - a +0 helmet (worn)
 e - a +0 cloak (worn)
 k - a +2 pair of gloves (worn)
Jewellery
 p - an uncursed ring of protection from magic {unknown}
Scrolls
 d - 3 scrolls of identify {unknown}
 f - a scroll of teleportation {unknown}
 g - a scroll of random uselessness {unknown}
 h - a scroll of fog {unknown}
 o - 2 scrolls of amnesia {unknown}
Potions
 l - 3 potions of resistance {unknown}
 m - a potion of heal wounds {unknown}
 q - 3 potions of curing {unknown}
 r - a potion of degeneration {unknown}
 s - a potion of brilliance {unknown}
Comestibles
 c - 4 rations
 n - 8 chunks of flesh


   Skills:
 + Level 0.4 Short Blades
 - Level 2.0 Dodging
 + Level 3.6 Stealth
 + Level 3.1 Spellcasting
 * Level 3.3 Conjurations
 + Level 3.7 Air Magic


You had 4 spell levels left.
You knew the following spells:

 Your Spells              Type           Power        Failure   Level  Hunger
a - Shock                 Conj/Air       ##..         4%          1    #......
b - Swiftness             Chrm/Air       #.......     13%         2    ##.....
c - Static Discharge      Conj/Air       ##......     13%         3    ###....

Your spell library contained the following spells:

 Spells                   Type           Power        Failure   Level  Hunger
 Lightning Bolt           Conj/Air       ##........   77%         5    ######.
 Airstrike                Air            ##........   36%         4    #####..


Dungeon Overview and Level Annotations

Branches:
Dungeon (4/15)
 Temple: D:4-7

Altars:


Innate Abilities, Weirdness & Mutations

You have extremely sharp teeth.
Your natural rate of healing is unusually fast.
When hurt, damage is shared between your health and your magic reserves.
Your bite disrupts and absorbs the magic of your enemies.
Potions cannot restore your health.
You are immune to rotting.


Message History

The magic dart hits you!
You closely miss the goblin. Your bite misses the goblin.
The gnoll closely misses you. The goblin closely misses you.
You barely miss the orc wizard. You bite the orc wizard.
The orc wizard's magic leaks into the air.
You drain its magic.
You feel invigorated.
The orc wizard is severely wounded.
The orc wizard mumbles some strange words.
The orc wizard blinks!
The orc wizard hits you but does no damage.
The gnoll barely misses you.
The orc wizard gestures at you while chanting.
The magic dart hits you!
* * * LOW HITPOINT WARNING * * *
The goblin barely misses you.
The orc wizard falters for a moment.
The gnoll hits you from afar with a halberd.
* * * LOW HITPOINT WARNING * * *
The orc wizard gestures at you while chanting.
The magic dart hits you!
You die...

#.......#.#.#
.....##....
#.......#.#.#
..g.......
#.......#.#.######
#§......
#.......#.#......#
#....)#####
.#######.#......#
#gg.......# #........#
#.....(...# ##....o..#
#.........#
#)>....o####......%..#
##.....@#ggo.........#
#....gg#)##.........#
#......g............#
#......o...#####.#+##
.....###..§.# #.#
...... #....# #.#
...... #....# #.# ....
#....# #.# ... ##+###
#!#


You could see 2 orc wizards, 2 gnolls, an orc and a goblin.

Vanquished Creatures
  An orc priest (D:4)
  An orc wizard (D:3)
  6 adders
  2 worms
  A dart slug (D:2)
  4 leopard geckos (D:1)
  6 orcs
  3 bats
  3 giant cockroaches
  6 goblins
  8 hobgoblins
  3 jackals (D:1)
  2 ball pythons
  3 frilled lizards
  6 kobolds
  9 rats
64 creatures vanquished.

Notes
Turn   | Place    | Note
-------+----------+-------------------------------------------
     0 | D:1      | Lexodia the Vine Stalker Air Elementalist began the quest for the Orb.
     0 | D:1      | Reached XP level 1. HP: 9/9 MP: 4/4
    83 | D:1      | Huge Dmg: 6 dmg
   252 | D:1      | Reached XP level 2. HP: 11/13 MP: 3/6
   537 | D:1      | Huge Dmg: 3 dmg
   538 | D:1      | Reached XP level 3. HP: 12/16 MP: 2/7
   780 | D:1      | Huge Dmg: 3 dmg
  1256 | D:1      | Huge Dmg: 4 dmg
  1276 | D:1      | Huge Dmg: 2 dmg
  1800 | D:2      | Gained mutation: Your natural rate of healing is unusually fast. [Vine Stalker growth]
  1800 | D:2      | Reached XP level 4. HP: 18/21 MP: 2/8
  1990 | D:2      | Learned a level 2 spell: Swiftness
  2008 | D:2      | Learned a level 3 spell: Static Discharge
  2658 | D:4      | Reached XP level 5. HP: 24/24 MP: 10/10
  2746 | D:3      | Huge Dmg: 10 dmg
  2749 | D:3      | Huge Dmg: 5 dmg
  2814 | D:3      | Huge Dmg: 12 dmg
  2815 | D:3      | Huge Dmg: 3 dmg
  2817 | D:3      | HP: 1/24 [gnoll/halberd (1)]
  2817 | D:3      | Killed from afar by an orc wizard

Vault maps used:
D:1:      dpeg_arrival_more_subterranean_lakeside_camping, serial_bayou,
          serial_bayou_lake_a, serial_bayou_shore_b, serial_bayou_pond_a,
          serial_bayou_lagoon_b, nrook_mini_vaults, minmay_tall_x
D:3:      zin_treasury, led_xom_imps, first_ration
D:4:      nicolae_gozag_cash_rules_everything_around_me,
          minmay_temple_entry_large_hall, serial_shops, nicolae_shop_waterfront

Skill      XL: |  1  2  3  4  5 |
---------------+----------------+-----
Conjurations   | 2 3 |  3.3
Dodging        | 2 |  2.0
Stealth        | 3 |  3.6
Spellcasting   | 3 |  3.1
Short Blades   | |  0.4
Air Magic      | |  3.7

Action                   |  1- 3 |  4- 6 || total
-------------------------+-------+-------++-------
Melee: Unarmed           |    51 |       ||    51
       Bite              |    14 |     7 ||    21
       Dagger            |       |    23 ||    23
 Cast: Shock             |    55 |    57 ||   112
 Stab: Sleeping          |     2 |     2 ||     4
  Eat: Chunk             |     3 |     4 ||     7
Armor: Robe              |    17 |     3 ||    20
Dodge: Dodged            |    50 |    23 ||    73

Table legend:
 A = Spawn XP
 B = Non-spawn XP
 C = Spawn XP percentage of total XP
 D = Spawn monster count
 E = Non-spawn monster count
 F = Spawn count percentage of total count
 G = Total turns spent on level
                    A         B        C        D         E        F      G
               +---------+---------+-------+---------+---------+-------+---------
         Total |       0 |     271 |   0.0 |       0 |      64 |   0.0 |  2817
               +---------+---------+-------+---------+---------+-------+---------
           D:1 |       0 |      64 |   0.0 |       0 |      30 |   0.0 |  1585
           D:2 |       0 |      69 |   0.0 |       0 |      16 |   0.0 |   920
           D:3 |       0 |      86 |   0.0 |       0 |      14 |   0.0 |   301
           D:4 |       0 |      52 |   0.0 |       0 |       4 |   0.0 |    11
               +---------+---------+-------+---------+---------+-------+---------
